 Dungeon Crawl Stone Soup version 0.24.0-2-g5b39cebb1c (webtiles) character file.

Game seed: 6461187860526273129, levelgen mode: deterministic

70 Nivan the Conjurer (level 4, -1/33 HPs)
             Began as a Draconian Conjurer on Oct 30, 2019.
             Killed from afar by an orc wizard (7 damage)
             ... with a puff of flame
             ... on level 2 of the Dungeon.
             The game lasted 00:05:34 (1139 turns).

Nivan the Conjurer (Draconian Conjurer)             Turns: 1139, Time: 00:05:35

Health: -1/33      AC:  5    Str: 10    XL:     4   Next: 4%
Magic:  3/7        EV: 11    Int: 18    God:
Gold:   36         SH:  0    Dex: 12    Spells: 7/8 levels left

rFire    . . .     SeeInvis .   d - +0 short sword
rCold    . . .     Gourm    .   h - +0 buckler
rNeg     . . .     Faith    .   (armour unavailable)
rPois    .         Spirit   .   (helmet restricted)
rElec    .         Reflect  .   (no cloak)
rCorr    .         Harm     .   (no gloves)
MR       .....                  (no boots)
Stlth    +.........             (no amulet)
HPRegen  0.11/turn              (no ring)
MPRegen  0.10/turn              (no ring)

@: confused
A: unfitting armour, antennae 1, blurry vision 1, clever 1, cold-blooded, AC +5
a: no special abilities


You were on level 2 of the Dungeon.
You were hungry.

You visited 1 branch of the dungeon, and saw 2 of its levels.

You collected 36 gold pieces.

Inventory:

Hand Weapons
 d - a +0 short sword (weapon)
Armour
 h - a +0 buckler (worn)
Jewellery
 g - an uncursed amulet of regeneration {unknown}
 l - an uncursed ring of ice {unknown}
Scrolls
 c - 2 scrolls of random uselessness {unknown}
 e - 3 scrolls of identify {unknown}
 i - a scroll of remove curse {unknown}
Potions
 j - 2 potions of curing
Comestibles
 a - 4 chunks of flesh
 b - 3 rations


   Skills:
 + Level 0.3 Short Blades
 + Level 2.0 Dodging
 + Level 2.0 Stealth
 + Level 2.5 Spellcasting
 + Level 5.1 Conjurations


You had 7 spell levels left.
You knew the following spells:

 Your Spells              Type           Power        Failure   Level  Hunger
a - Magic Dart            Conj           ###.         3%          1    #......

Your spell library contained the following spells:

 Spells                   Type           Power        Failure   Level  Hunger
 Searing Ray              Conj           ###...       5%          2    ##.....
 Dazzling Spray           Conj/Hex       ##....       30%         3    ###....
 Iskenderun's Mystic Bla  Conj           ###.....     34%         4    #####..
 Force Lance              Conj/Tloc      ##......     69%         4    #####..
 Fulminant Prism          Conj/Hex       ##........   69%         4    #####..


Dungeon Overview and Level Annotations

Branches:
Dungeon (2/15)

Altars:


Innate Abilities, Weirdness & Mutations

Your plain brown scales are hard. (AC +5)
You cannot fit into any form of body armour.
You are cold-blooded and may be slowed by cold attacks.
You have a pair of small antennae on your head.
Scrolls take you a little longer to read.
Your mind is acute. (Int +2)


Message History

The orc wizard points at you and mumbles some strange words.
The puff of flame hits you!
* * * LOW HITPOINT WARNING * * *
The orc wizard hits you but does no damage.
You closely miss the orc wizard.
Your tail-slap misses the orc wizard.
The orc wizard is severely wounded.
The orc wizard barely misses you.
It was a potion of mutation.
You feel extremely strange.
You feel clever.
Your vision blurs.
A pair of antennae grows on your head! The orc wizard completely misses you.
You hit the orc wizard.
The orc wizard is severely wounded.
The orc wizard hits you with a +0 dagger.
* * * LOW HITPOINT WARNING * * *
It was a potion of ambrosia.
You are confused.
You feel invigorated.
The orc wizard gestures at you while chanting.
The puff of flame hits you!
You die...

#.......# #.#
#.......# #.#
#.......# #.#
#######.......###.#
#.................#
#.#####.......#####
#.#............#
#.#.###........#
#.@o).().......#
###.######.....#
#.# #.....# #.#
#.....# #)# #.....#
#<# #.....# ###
#######


You could see an orc wizard.

Vanquished Creatures
  An orc wizard (D:2)
  An adder (D:1)
  A dart slug (D:1)
  3 orcs
  3 giant cockroaches
  2 goblins (D:1)
  5 hobgoblins (D:1)
  A bat (D:1)
  2 frilled lizards (D:1)
  6 kobolds
  3 rats
28 creatures vanquished.

Notes
Turn   | Place    | Note
-------+----------+-------------------------------------------
     0 | D:1      | Nivan the Draconian Conjurer began the quest for the Orb.
     0 | D:1      | Reached XP level 1. HP: 14/14 MP: 3/3
   171 | D:1      | Reached XP level 2. HP: 16/20 MP: 1/5
   780 | D:1      | Reached XP level 3. HP: 11/26 MP: 2/6
  1109 | D:2      | Reached skill level 5 in Conjurations
  1109 | D:2      | Reached XP level 4. HP: 33/33 MP: 0/7
  1137 | D:2      | Gained mutation: Your mind is acute. (Int +2) [potion of
                  | mutation]
  1137 | D:2      | Gained mutation: Scrolls take you a little longer to read.
                  | [potion of mutation]
  1137 | D:2      | Gained mutation: You have a pair of small antennae on your
                  | head. [potion of mutation]
  1138 | D:2      | HP: 1/33 [orc wizard/+0 dagger (3)]
  1139 | D:2      | Killed from afar by an orc wizard

Levels and vault maps discovered:
D:1:      grunt_arrival_lava_bath, layout_basic, hex_medium
D:2:      layout_basic, kiku_gazebo_garden_becter

Skill      XL: |  1  2  3 |
---------------+----------+-----
Dodging        | 2 |  2.0
Stealth        | 2 |  2.0
Conjurations   | 5 |  5.1
Short Blades   | |  0.3
Spellcasting   | |  2.5

Action                   |  1- 3 |  4- 6 || total
-------------------------+-------+-------++-------
Melee: Short sword       |    22 |    11 ||    33
       Unarmed           |     5 |       ||     5
       Tailslap          |     1 |     1 ||     2
 Cast: Magic Dart        |    52 |     4 ||    56
  Use: Potion            |     2 |     2 ||     4
  Eat: Chunk             |     1 |       ||     1
Armor: Skin              |    10 |     4 ||    14
Dodge: Dodged            |    30 |     6 ||    36
Block: Buckler           |     2 |     2 ||     4
